 Dungeon Crawl Stone Soup version 0.32-a0-450-g080537f31e (webtiles) character file.

Game seed: 10222117232370747383

18 shadowstone the Sneak (level 2, 22/22 HPs)
             Began as a Coglin Brigand on Feb 23, 2024.
             Quit the game on level 1 of the Dungeon.
             The game lasted 00:01:27 (507 turns).

shadowstone the Sneak (Coglin Brigand)               Turns: 507, Time: 00:01:27

Health: 22/22      AC:  3    Str: 11    XL:     2   Next: 66%
Magic:  2/2        EV: 12    Int: 10    God:
Gold:   42         SH:  0    Dex: 15    Spells: 1/1 levels left

rFire   . . .        a - +2 dagger {Fatehjeet}
rCold   . . .        (no shield)
rNeg    . . .        b - +0 robe
rPois   .            (no helmet)
rElec   .            c - +0 cloak
rCorr   .            (no gloves)
SInv    .            (no boots)
Will    .....        (no amulet)
Stlth   ++           (no ring)
HPRegen 0.23/turn    (no ring)
MPRegen 0.08/turn

%: no passive effects
@: revving
A: off-hand wielding, slow wielding, warmup strikes, legs shutdown
a: no special abilities


You were on level 1 of the Dungeon.
You visited 1 branch of the dungeon, and saw 1 of its levels.

You collected 42 gold pieces.

Inventory:

Hand Weapons
 a - a +2 dagger (weapon) {Fatehjeet}
Missiles
 d - 9 poisoned darts (quivered)
 e - 3 curare-tipped darts
Armour
 b - a +0 robe (worn)
 c - a +0 cloak (worn)
Scrolls
 g - 3 scrolls of identify {unknown}
 h - a scroll of teleportation {unknown}
Potions
 f - a potion of resistance {unknown}
 i - 2 potions of curing {unknown}
 j - a potion of attraction {unknown}


   Skills:
 + Level 2.0 Fighting
 + Level 1.9 Short Blades
 + Level 2.0 Throwing
 + Level 1.1 Dodging
 + Level 3.7 Stealth


You had one spell level left.
You didn't know any spells.
Your spell library was empty.

Dungeon Overview and Level Annotations

Branches:
Dungeon (1/15)

Altars:


Innate Abilities, Weirdness & Mutations

You can wield a second weapon in your off-hand.
It takes a long time for you to wield or remove held weapons.
Your first few attacks do less damage.
Attacking and casting redirects power from your legs.


Message History

You cannot move.
You closely miss the ball python. The ball python barely misses you.
The ball python constricts you.
You hit the ball python.
The ball python is severely wounded.
The ball python bites you but does no damage.
The ball python constricts you.
You hit the ball python.
You kill the ball python!
A rat comes into view.
You see here a ball python corpse.
You completely miss the rat. The rat bites you.
You closely miss the rat. The rat closely misses you.
You hit the rat.
You kill the rat!
You see here a rat corpse.
You now have 42 gold pieces (gained 1).
A frilled lizard comes into view.
A frilled lizard is nearby!
The helpless frilled lizard fails to defend itself.
You impale the frilled lizard!!
You kill the frilled lizard!
A bat comes into view.
You miss the bat. The bat barely misses you. The bat closely misses you.
The bat hits you but does no damage.
You hit the bat.
You kill the bat!
A kobold comes into view. It is wielding a +0 whip.
The kobold shouts!
You hit the kobold but do no damage. The kobold misses you.
You hit the kobold but do no damage. The kobold closely misses you.
You barely miss the kobold. The kobold barely misses you.
You hit the kobold.
The kobold is heavily wounded.
The kobold closely misses you.
You hit the kobold.
You kill the kobold!
Things that are here:
a +0 whip; 5 stones; a kobold corpse Are you sure you want to abandon this character and quit the game? (Confirm with "yes".)

..†..###.#....#
###..# #.#....# #
##># #.#....# #
### #.#....##+# #
#.#....##.# #
#.#######.# # #.#
#.# #### #.# #.#
...# #.# #@# ##.#
#.# #.# ##.# #.#
#.# ...# #.# #.#
..## #.# #.# #.#
#.# #.# #... ..#
#.#
################)#
.................#


There were no monsters in sight!

Vanquished Creatures
  A dart slug (D:1)
  3 ball pythons (D:1)
  A giant cockroach (D:1)
  A goblin (D:1)
  2 hobgoblins (D:1)
  3 bats (D:1)
  2 frilled lizards (D:1)
  2 kobolds (D:1)
  A rat (D:1)
16 creatures vanquished.

Notes
Turn   | Place    | Note
-------+----------+-------------------------------------------
     0 | D:1      | shadowstone the Coglin Brigand began the quest for the Orb.
     0 | D:1      | Reached XP level 1. HP: 16/16 MP: 1/1
   140 | D:1      | Reached skill level 1 in Dodging
   155 | D:1      | Reached XP level 2. HP: 17/22 MP: 2/2
   507 | D:1      | Quit the game

Illustrated notes

Levels and vault maps discovered:
D:1:      reono_arrival_mine, layout_basic

Skill      XL: |  1 |
---------------+----+-----
Throwing       | 2 |  2.0
Dodging        | 1 |  1.1
Fighting       | |  2.0
Short Blades   | |  1.9
Stealth        | |  3.7

Action                     || total
---------------------------++-------
  Melee: Dagger            ||    38
   Stab: Sleeping          ||     3
 Armour: Robe              ||    26
  Dodge: Dodged            ||    26

Table legend: (Time is in decaauts)
 A = Elapsed time spent in this place.
 B = Non-inter-level travel time spent in this place.
 C = Inter-level travel time spent in this place.
 D = Time resting spent in this place.
 E = Time spent auto-exploring this place.
 F = Levels seen in this place.
 G = Mean time per level.
                   A        B        C        D        E       F      G
               +--------+--------+--------+--------+--------+-----+--------+
         Total |    503 |    503 |      0 |      0 |    139 |   1 |  503.0 |
       Dungeon |    503 |    503 |      0 |      0 |    139 |   1 |  503.0 |
               +--------+--------+--------+--------+--------+-----+--------+

Top non-repeatable levels by time:
     D:1: 503 daAuts
